 Dungeon Crawl Stone Soup version 0.28.0-53-g5a82cb258f (webtiles) character file.

Game seed: 17477900569599547889

5516 Sin92 the Skirmisher (level 10, -3/79 HPs)
             Began as a Demonspawn Fighter on June 13, 2022.
             Was an Elder of Okawaru.
             Slain by a boulder beetle (8 damage)
             ... on level 10 of the Dungeon.
             The game lasted 00:15:44 (10304 turns).

Sin92 the Skirmisher (Demonspawn Fighter)          Turns: 10304, Time: 00:15:45

Health: -3/79      AC: 23    Str: 22    XL:     10   Next: 43%
Magic:  15/15      EV:  9    Int: 10    God:    Okawaru [****..]
Gold:   654        SH:  6    Dex: 17    Spells: 9/9 levels left

rFire   . . .      SeeInvis .   a - +1 war axe
rCold   . . .      Faith    .   c - +0 buckler
rNeg    . . .      Spirit   .   i - +2 plate armour
rPois   .          Reflect  .   (helmet restricted)
rElec   .          Harm     .   p - +2 cloak
rCorr   .          Rampage  .   (no gloves)
Will    .....                   q - +0 pair of boots
Stlth   ..........              (no amulet)
HPRegen 0.23/turn               f - +4 ring of protection
MPRegen 0.14/turn               k - +6 ring of strength

@: invisible
A: claws 1, horns 1, ignite blood 1, powered by death 1, weakness stinger 2
a: Renounce Religion, Heroism, Finesse


You were on level 10 of the Dungeon.
You worshipped Okawaru.
Okawaru was greatly pleased with you.
You visited 2 branches of the dungeon, and saw 11 of its levels.
You also visited: Sewer.

You collected 654 gold pieces.

Inventory:

Hand Weapons
 a - a +1 war axe (weapon)
 y - a +0 broad axe
Armour
 c - a +0 buckler (worn)
 i - a +2 plate armour (worn)
 p - a +2 cloak (worn)
 q - a +0 pair of boots (worn)
Jewellery
 e - a ring of wizardry
 f - a +4 ring of protection (left claw)
 j - a ring of protection from fire
 k - a +6 ring of strength (right claw)
 s - a ring of poison resistance
 A - a ring of protection from fire
Wands
 u - a wand of paralysis (9)
 x - a wand of iceblast (6)
Scrolls
 b - 3 scrolls of teleportation
 d - 2 scrolls of blinking
 r - a scroll of magic mapping
 t - a scroll of fog
 z - 3 scrolls of identify
 C - a scroll of enchant armour
Potions
 g - 2 potions of curing
 h - 2 potions of heal wounds
 l - a potion of cancellation
 m - a potion of brilliance
 n - 4 potions of invisibility
 o - 3 potions of mutation
 v - 3 potions of haste
 w - a potion of lignification
 B - a potion of resistance
 D - a potion of might


   Skills:
 + Level 7.2 Fighting
 + Level 6.2 Axes
 + Level 6.5 Armour
 + Level 5.8 Dodging
 + Level 6.5 Shields
 + Level 7.2 Invocations


You had 9 spell levels left.
You didn't know any spells.
Your spell library contained the following spells:

 Spells                   Type           Power      Damage    Failure   Level
 Foxfire                  Conj/Fire      0%         2x1d4     100%        1
 Corpse Rot               Necr/Air       0%         N/A       100%        2
 Poisonous Vapours        Pois/Air       0%         N/A       100%        2
 Static Discharge         Conj/Air       0%         N/A       100%        2
 Conjure Flame            Conj/Fire      0%         6-21      100%        3
 Frozen Ramparts          Ice            0%         1d2       100%        3
 Inner Flame              Hex/Fire       0%         N/A       100%        3
 Swiftness                Air            0%         N/A       100%        3
 Flame Wave               Conj/Fire      0%         2d4       100%        4
 Ice Form                 Ice/Tmut       0%         N/A       100%        4
 Conjure Ball Lightning   Conj/Air       0%         3x3d6     100%        6
 Summon Ice Beast         Ice/Summ       Unusable   N/A       N/A         4

Dungeon Overview and Level Annotations

Branches:
Dungeon (10/15)            Temple (1/1) D:5           Sewer (visited)
   Lair: D:8-11         Orc: D:9-12

Altars:
Ashenzari
Gozag
Makhleb
Okawaru
Vehumet
Wu Jian
Xom
Zin
The Shining One

Shops:
D:3 !   D:9 **


Innate Abilities, Weirdness & Mutations

You have sharp fingernails.
You have a pair of small horns on your head.
Your demonic aura sometimes causes spilled blood to erupt in flames.
You regenerate a little health from kills.
You have a tail ending in a sharp stinger.


Message History

You headbutt the boulder beetle, but do no damage.
The boulder beetle is almost dead.
The boulder beetle bites you.
* * * LOW HITPOINT WARNING * * *
The boulder beetle leaps!
You feel much better.
The boulder beetle curls into a ball and begins rolling!
You fade into invisibility!
The boulder beetle hits you!!
* * * LOW HITPOINT WARNING * * *
The boulder beetle stops rolling and uncurls.
You catch the helpless boulder beetle completely off-guard!
You hit the boulder beetle but do no damage.
The boulder beetle is almost dead.
The boulder beetle bites you!
* * * LOW HITPOINT WARNING * * *
Unknown command.
You hit the boulder beetle but do no damage.
You headbutt the boulder beetle, but do no damage.
The boulder beetle is almost dead.
The boulder beetle bites you but does no damage.
You hit the boulder beetle but do no damage.
The boulder beetle is severely wounded.
You block the boulder beetle's attack.
You hit the boulder beetle.
You tail-slap the boulder beetle, but do no damage.
The boulder beetle is almost dead.
The boulder beetle bites you but does no damage.
The boulder beetle barely misses you.
You hit the boulder beetle but do no damage.
You headbutt the boulder beetle, but do no damage.
You tail-slap the boulder beetle, but do no damage.
The boulder beetle is almost dead.
The boulder beetle closely misses you.
You hit the boulder beetle but do no damage.
You tail-slap the boulder beetle, but do no damage.
The boulder beetle is almost dead.
The boulder beetle waves its antennae.
The boulder beetle bites you!
You die...

#.# #<.......#. #.#
######### ##.#####.#.
#.# #...§...# #.# #.#.
#.# #.§§§§..# #.# #.#.
#.# #§§§§§..# #.# #.#.
#.# #.§§§§§.# #.# #.#.
#.# #§§.§.§.#
#.#####.## #.#
#.....B.# #.........
###.#####....@..#
#######.#.
#...............# #.#.
#########.......#
######.#. #.......#
#......#. #.......#
#.######. #.......#
#.# #. #.......# #.#
#. #.......# #.# #.
#####+########.#######


You could see a boulder beetle.

Vanquished Creatures
  2 two-headed ogres
  An unseen horror (D:10)
  A wraith (D:10)
  5 yaks (D:10)
  A steam dragon (D:8)
  2 water moccasins
  A sky beast (D:8)
  An orc warrior (D:9)
  An ice beast (D:6)
  A black bear (D:6)
  3 ogres
  2 centaurs (D:8)
  A kobold brigand (D:10)
  4 bullfrogs
  6 scorpions (D:8)
  A gnoll sergeant (D:9)
  A water moccasin zombie (D:6)
  3 water moccasin skeletons
  A bullfrog zombie (D:5)
  2 centaur zombies
  5 orc priests
  2 hounds
  2 jellies
  A centaur skeleton (D:6)
  4 iguanas
  9 orc wizards
  A hound zombie (D:5)
  A hound skeleton (D:5)
  3 howler monkey zombies (D:9)
  11 gnolls
  7 adders
  3 white imps
  An ufetubus (D:6)
  A worm (D:3)
  A dart slug (D:2)
  10 orcs
  8 ball pythons
  11 endoplasms
  3 giant cockroaches
  5 goblins
  4 hobgoblins
  5 jackals
  26 kobolds
  5 quokkas
  10 bats
  5 frilled lizards
  A jackal skeleton (D:4)
  4 rats
189 creatures vanquished.

Vanquished Creatures (collateral kills)
  A scorpion (D:5)
1 creature vanquished.

Vanquished Creatures (others)
  An adder (D:8)
  14 fungi (D:8)
  4 plants
19 creatures vanquished.

Grand Total: 209 creatures vanquished

Notes
Turn   | Place    | Note
-------+----------+-------------------------------------------
     0 | D:1      | Sin92 the Demonspawn Fighter began the quest for the Orb.
     0 | D:1      | Reached XP level 1. HP: 18/18 MP: 1/1
   705 | D:1      | Gained mutation: Your demonic aura sometimes causes spilled
                  | blood to erupt in flames. [demonic ancestry]
   705 | D:1      | Reached XP level 2. HP: 24/24 MP: 2/2
   733 | D:1      | Found a faded altar of an unknown god.
  1626 | D:2      | Gained mutation: You regenerate a little health from kills.
                  | [demonic ancestry]
  1626 | D:2      | Reached XP level 3. HP: 29/29 MP: 3/3
  1641 | D:2      | Reached skill level 1 in Dodging
  2194 | D:3      | Found a glowing drain.
  2218 | Sewer    | Entered a sewer
  2260 | Sewer    | Discovered your monstrous ancestry.
  2260 | Sewer    | Gained mutation: You have sharp fingernails. [demonic
                  | ancestry]
  2260 | Sewer    | Reached XP level 4. HP: 35/35 MP: 4/4
  2600 | D:3      | Identified the +5 short sword "Spiderbane" {flame, Int+4}
  2695 | D:3      | You fall into a shaft and drop 2 floors!
  2695 | D:5      | Entered Level 5 of the Dungeon
  2714 | D:5      | Gained mutation: You have a pair of small horns on your
                  | head. [demonic ancestry]
  2714 | D:5      | Reached XP level 5. HP: 35/42 MP: 5/5
  2724 | D:4      | Noticed an ogre
  2730 | D:4      | Killed an ogre
  2732 | D:4      | Reached XP level 6. HP: 45/48 MP: 6/6
  3397 | D:3      | Found Fuazem's Distillery.
  3920 | D:5      | Found a burning altar of Makhleb.
  4166 | D:5      | Reached XP level 7. HP: 51/55 MP: 7/7
  4909 | D:5      | Found a staircase to the Ecumenical Temple.
  4921 | Temple   | Entered the Ecumenical Temple
  5084 | Temple   | Became a worshipper of Warmaster Okawaru
  5134 | D:5      | Reached skill level 1 in Invocations
  5576 | D:6      | Identified the +1 scale mail of Indecent Exposure {Str+3}
  5651 | D:6      | Reached skill level 5 in Fighting
  5747 | D:6      | Gained mutation: You have a small tail. [demonic ancestry]
  5747 | D:6      | Reached XP level 8. HP: 50/62 MP: 9/9
  6177 | D:6      | Reached * piety under Okawaru
  6735 | D:7      | Reached skill level 5 in Armour
  7126 | D:7      | Reached skill level 5 in Shields
  7250 | D:8      | Noticed a two-headed ogre
  7258 | D:8      | Killed a two-headed ogre
  7258 | D:8      | Reached ** piety under Okawaru
  7259 | D:8      | Gained mutation: You have a tail ending in a sharp stinger.
                  | [demonic ancestry]
  7259 | D:8      | Reached XP level 9. HP: 16/69 MP: 10/12
  7267 | D:8      | Reached skill level 5 in Axes
  7587 | D:8      | Reached skill level 5 in Invocations
  7769 | D:8      | Reached skill level 5 in Dodging
  7898 | D:8      | Reached *** piety under Okawaru
  7922 | D:8      | Got the Grimoire of Toxins and Air
  8474 | D:9      | Noticed a two-headed ogre
  8480 | D:9      | Killed a two-headed ogre
  8481 | D:9      | Reached XP level 10. HP: 22/77 MP: 14/14
  8743 | D:9      | Reached **** piety under Okawaru
  9253 | D:9      | Found Kuahag's Assorted Antiques.
  9308 | D:9      | Found Zouneuj's Overcharged Wands.
  9502 | D:10     | Entered Level 10 of the Dungeon
 10257 | D:10     | Noticed a boulder beetle
 10299 | D:10     | HP: 3/79 [boulder beetle (7)]
 10304 | D:10     | Slain by a boulder beetle

Illustrated notes

Levels and vault maps discovered:
D:1:      sevenhm_arrival_forest_fort_small_6, layout_loops_corners,
          hellmonk_ecumenical_altar_heavens_door
D:2:      layout_loops_ring, basic_altar, corner_web_ring
D:3:      layout_loops_ring, cheibrodos_sewer_entry_bend, serial_shops,
          nicolae_shop_hallway_stairs, nicolae_concentric_dashed_squares_wild
D:4:      layout_cave_pools
D:5:      layout_basic, lightli_temple_of_fire, minmay_temple_entry_nine_rooms
D:6:      layout_basic
D:7:      layout_basic, nicolae_tso_carved_into_rock
D:8:      old_forge, layout_rooms
D:9:      layout_basic, serial_shops, nicolae_shop_overgrown_old_shop,
          nicolae_shop_overcharged_wands
D:10:     layout_basic, david_lair_shrubbed, orc_0_dummy
Temple:   mainiacjoe_temple_big_plus

Skill      XL: |  1  2  3  4  5  6  7  8  9 10 |
---------------+-------------------------------+-----
Axes           | 2 3 4 5 6 |  6.2
Armour         | 3 4 5 6 |  6.5
Dodging        | 1 2 3 4 5 |  5.8
Shields        | 3 4 5 6 |  6.5
Fighting       | 4 5 6 7 |  7.2
Invocations    | 2 4 6 7 |  7.2

Action                   |  1- 3 |  4- 6 |  7- 9 | 10-12 || total
-------------------------+-------+-------+-------+-------++-------
Melee: War axe           |   133 |   118 |   265 |   114 ||   630
       Headbutt          |       |    11 |    44 |    28 ||    83
       Tailslap          |       |       |    24 |    26 ||    50
  Use: Scroll            |     6 |    10 |     7 |     3 ||    26
       Potion            |       |     1 |     1 |     3 ||     5
 Stab: Invisible         |       |       |       |     1 ||     1
Armor: Scale mail        |    68 |    33 |       |       ||   101
       Plate armour      |       |    20 |   229 |   108 ||   357
Dodge: Dodged            |    61 |    65 |    93 |    39 ||   258
Block: Buckler           |    26 |    19 |    83 |    44 ||   172
